 Dungeon Crawl Stone Soup version 0.29-a0-334-gb41bcbb86e (webtiles) character file.

Game seed: 15758099268931963819

3 spaghetti the Skirmisher (level 1, 0/18 HPs)
             Began as a Demonspawn Fighter on Apr 14, 2022.
             Slain by a ball python (2 damage)
             ... on level 1 of the Dungeon.
             The game lasted 00:00:22 (109 turns).

spaghetti the Skirmisher (Demonspawn Fighter)        Turns: 109, Time: 00:00:22

Health: 0/18       AC:  6    Str: 16    XL:     1   Next: 41%
Magic:  1/1        EV:  5    Int:  9    God:
Gold:   6          SH:  4    Dex: 12    Spells: 0/0 levels left

rFire   . . .      SeeInvis .   a - +0 flail {mace}
rCold   . . .      Faith    .   c - +0 buckler
rNeg    . . .      Spirit   .   b - +0 scale mail
rPois   .          Reflect  .   (no helmet)
rElec   .          Harm     .   (no cloak)
rCorr   .          Rampage  .   (no gloves)
Will    .....                   (no boots)
Stlth   ..........              (no amulet)
HPRegen 0.06/turn               (no ring)
MPRegen 0.07/turn               (no ring)

@: mighty, constricted
A: no striking features
a: no special abilities


You were on level 1 of the Dungeon.
You visited 1 branch of the dungeon, and saw 1 of its levels.

You collected 6 gold pieces.


   Skills:
 - Level 3.0 Fighting
 + Level 2.1 Maces & Flails
 - Level 2.6 Armour
 - Level 2.6 Shields


You couldn't memorise any spells.
You didn't know any spells.
Your spell library contained the following spells:

 Spells                   Type           Power      Damage    Failure   Level
 Corpse Rot               Necr/Air       0%         N/A       96%         2
 Frozen Ramparts          Ice            0%         1d2       99%         3
 Dispel Undead            Necr           0%         3d6       100%        4
 Ice Form                 Ice/Tmut       0%         N/A       100%        4
 Summon Ice Beast         Ice/Summ       0%         N/A       100%        4
 Death Channel            Necr           0%         N/A       100%        6

Inventory:

Hand Weapons
 a - a +0 flail (weapon) {mace}
Armour
 b - a +0 scale mail (worn)
 c - a +0 buckler (worn)
Scrolls
 e - a scroll of identify {unknown}
Potions
 f - 2 potions of brilliance {unknown}

Dungeon Overview and Level Annotations

Branches:
Dungeon (1/15)

Altars:

#.# #.# #.# #.#
### #.# #.#
#..# #.# #.#
##..####.####
#..
#...........##.
...
..#.?.........#
##S......####
##@.....#
#hh.....#
#..####### ....
#.!#. #..###
#... ..#


You could see 2 jackals and a ball python.


Message History

😕 HP[-1]
You take 1 damage, and now have 16/18 hp.
You closely miss the jackal. The jackal bites you.
The jackal bites you but does no damage.
The ball python bites you. The ball python constricts you.
The jackal closely misses you. You block the jackal's attack.
The ball python bites you but does no damage.
The ball python constricts you. 😕 HP[-1]
You take 1 damage, and now have 15/18 hp.
You sock the jackal!
You kill the jackal!
The jackal barely misses you. You block the jackal's attack.
The jackal bites you. The ball python bites you.
The ball python constricts you. 😮 HP[-2]
You take 2 damage, and now have 13/18 hp.
You thump the jackal!
You kill the jackal!
The jackal bites you.
The ball python bites you but does no damage.
The ball python constricts you.
The jackal bites you but does no damage.
The ball python bites you. You block the ball python's attack.
The ball python constricts you.
Your Maces & Flails skill increases to level 2! 😮 HP[-2]
You take 2 damage, and now have 11/18 hp.
Unknown command.
You closely miss the ball python.
The jackal bites you but does no damage.
The ball python bites you but does no damage.
You block the ball python's attack. The ball python constricts you.
The jackal bites you but does no damage.
You closely miss the ball python.
The ball python bites you but does no damage. x2
The ball python constricts you. The jackal bites you.
The ball python bites you but does no damage.
The ball python barely misses you. The ball python constricts you.
You block the jackal's attack. 😮 HP[-1]
You take 1 damage, and now have 10/18 hp.
You hit the ball python.
You kill the ball python!
The jackal bites you but does no damage.
The ball python bites you.
* * * LOW HITPOINT WARNING * * *
The ball python constricts you.
The jackal bites you but does no damage.
You block the jackal's attack. 😨 HP[-1]
You take 1 damage, and now have 9/18 hp.
Unknown command.
You hit the jackal but do no damage.
The ball python bites you but does no damage.
The ball python constricts you. The jackal barely misses you.
The jackal bites you.
* * * LOW HITPOINT WARNING * * *
The ball python bites you but does no damage.
The ball python constricts you. 😨 HP[-1]
You take 1 damage, and now have 8/18 hp.
You barely miss the jackal.
The jackal bites you but does no damage.
The jackal bites you.
* * * LOW HITPOINT WARNING * * *
The jackal bites you but does no damage.
You block the jackal's attack.
The ball python bites you but does no damage.
The ball python constricts you. 😨 HP[-1]
You take 1 damage, and now have 7/18 hp.
You hit the jackal. The jackal bites you.
* * * LOW HITPOINT WARNING * * *
You block the jackal's attack.
The ball python bites you but does no damage.
The ball python constricts you.
The jackal bites you but does no damage. x2
You block the ball python's attack.
The ball python constricts you. 😱 HP[-3]
You take 3 damage, and now have 4/18 hp.
You barely miss the jackal.
The jackal bites you but does no damage. x2
The ball python bites you.
* * * LOW HITPOINT WARNING * * *
The ball python constricts you.
The jackal bites you but does no damage.
The jackal barely misses you. The ball python barely misses you.
The ball python constricts you. 😱 HP[-2]
You take 2 damage, and now have 2/18 hp.
You feel very mighty all of a sudden.
The jackal bites you but does no damage.
You block the jackal's attack. The ball python barely misses you.
The ball python constricts you. You block the jackal's attack.
The jackal bites you but does no damage.
You closely miss the jackal.
The jackal bites you but does no damage.
The ball python bites you.
You die...

Skill      XL: |  1 |
---------------+----+-----
Maces & Flails | 2 |  2.1
Fighting       | |  3.0
Armour         | |  2.6
Shields        | |  2.6

Action                   || total
-------------------------++-------
Melee: Flail             ||    15
  Use: Potion            ||     1
Armor: Scale mail        ||    31
Dodge: Dodged            ||    12
Block: Buckler           ||    13

Levels and vault maps discovered:
D:1:      lemuel_arrival_rhombus, layout_rooms,
          nicolae_ecumenical_snake_handling

Notes
Turn   | Place    | Note
-------+----------+-------------------------------------------
     0 | D:1      | spaghetti the Demonspawn Fighter began the quest for the
                  | Orb.
     0 | D:1      | Reached XP level 1. HP: 18/18 MP: 1/1
     0 | D:1      | magus.rc [v1.9.6]
     3 | D:1      | You pick up a book of Rime and begin reading...
     3 | D:1      | You add the spells Frozen Ramparts, Ice Form and Summon Ice
                  | Beast to your library.
    10 | D:1      | You pick up a book of Decay and begin reading...
    10 | D:1      | You add the spells Corpse Rot, Dispel Undead and Death
                  | Channel to your library.
   101 | D:1      | Reached skill level 2 in Maces & Flails
   106 | D:1      | HP: 4/18 [jackal (3)]
   109 | D:1      | Slain by a ball python

Vanquished Creatures
  2 jackals (D:1)
  A ball python (D:1)
3 creatures vanquished.

Table legend:
 A = Non-vault XP
 B = Vault XP
 C = Vault XP percentage of total XP
 D = Non-vault monster count
 E = Vault monster count
 F = Vault count percentage of total count
                 A         B        C        D         E       F
            +---------+---------+-------+---------+---------+-------
      Total |       4 |       1 |  20.0 |       2 |       1 |  33.3
            +---------+---------+-------+---------+---------+-------
        D:1 |       4 |       1 |  20.0 |       2 |       1 |  33.3
            +---------+---------+-------+---------+---------+-------

Illustrated notes

Table legend:
 A = Kills in this place as a percentage of kills in entire the game.
 B = Kills by you in this place as a percentage of kills by you in the entire game.
 C = Kills by friends in this place as a percentage of kills by friends in the entire game.
 D = Other kills in this place as a percentage of other kills in the entire game.
 E = Experience gained in this place as a percentage of experience gained in the entire game.
 F = Experience gained in this place divided by the number of levels of this place that you have seen.
                   A       B       C       D       E      F
               +-------+-------+-------+-------+-------+----------------------
         Total | 100.0 | 100.0 |   N/A |   N/A | 100.0 |   5.0
       Dungeon | 100.0 | 100.0 |   N/A |   N/A | 100.0 |   5.0
               +-------+-------+-------+-------+-------+----------------------

Table legend: (Time is in decaauts)
 A = Elapsed time spent in this place.
 B = Non-inter-level travel time spent in this place.
 C = Inter-level travel time spent in this place.
 D = Time resting spent in this place.
 E = Time spent auto-exploring this place.
 F = Levels seen in this place.
 G = Mean time per level.
                   A        B        C        D        E       F      G
               +--------+--------+--------+--------+--------+-----+--------+
         Total |    113 |    113 |      0 |      0 |     86 |   1 |  113.0 |
       Dungeon |    113 |    113 |      0 |      0 |     86 |   1 |  113.0 |
               +--------+--------+--------+--------+--------+-----+--------+

Top non-repeatable levels by time:
     D:1: 113 daAuts
